Map: [ESL] Stargazers

Players

Serral - Winner!

  • Race: Zerg Zerg
  • League: Grandmaster
  • Spawn Location: 1:00

ShoWTimE

  • Race: Protoss Protoss
  • League: Master
  • Spawn Location: 11:00

Event: TSL 9

VOD

Have the link to the VOD?

Description

Time

  • Played on: Sept. 4, 2022, 9:29 a.m.
  • Length: 42:21

All games in this series

Show
View Real Time Build Order
Export as new Build Order

Serral Zerg - Winner!

Build Orders: Hatch First 

Get SALT Encoding   

  12  0:00  Drone  
  13  0:12  Overlord  
  13  0:16  Drone  
  14  0:30  Drone x2  
  16  0:48  Hatchery  
  15  0:51  Drone  
  15  0:54  Drone  
  17  0:57  Drone  
  18  1:08  Extractor  
  17  1:13  Spawning Pool  
  17  1:16  Drone  
  17  1:19  Drone  
  18  1:27  Drone  
  19  1:38  Drone  
  20  1:48  Overlord  
  20  1:59  Queen  
  20  2:00  Zergling x4, Queen  
  26  2:10  Drone x2  
  28  2:22  Drone x2  
  30  2:30  Hatchery  
  30  2:32  Drone  
  30  2:33  Drone  
  31  2:38  Pneumatized Carapace  
  31  2:45  Queen  
  31  2:49  Overlord  
  34  2:51  Drone  
  34  2:53  Drone  
  34  2:56  Drone  
  36  3:03  Overlord  
  36  3:08  Drone x3  
  36  3:09  Drone  
  40  3:14  Drone  
  40  3:18  Drone  
  42  3:20  Queen  
  42  3:25  Overlord  
  42  3:26  Queen  
  46  3:33  Overlord  
  46  3:40  Drone x4  
  50  3:43  Spore Crawler  
  50  3:47  Spore Crawler, Drone x3  
  51  3:56  Queen  
  51  3:59  Drone  
  51  4:00  Drone x3  
  57  4:06  Metabolic Boost  
  57  4:10  Zergling x4  
  57  4:11  Drone  
  57  4:12  Drone x2  
  62  4:17  Drone x3  
  62  4:21  Overlord  
  65  4:24  Overlord  
  65  4:26  Evolution Chamber  
  65  4:27  Drone x2  
  66  4:31  Overlord  
  66  4:33  Overlord  
  66  4:38  Lair  
  66  4:39  Extractor  
  66  4:40  Drone x2  
  66  4:41  Drone  
  68  4:46  Zergling x2  
  68  4:50  Drone x3  
  68  4:51  Drone  
  72  4:53  Drone x4  
  72  4:58  Extractor x2  
  73  5:09  Spore Crawler, Drone x4  
  73  5:10  Extractor x2  
  73  5:12  Hatchery  
  73  5:13  Drone x4  
  77  5:15  Drone  
  77  5:18  Drone x2  
  76  5:22  Drone x3  
  76  5:26  Zerg Melee Weapons Level 1  
  76  5:27  Drone  
  76  5:28  Drone  
  81  5:33  Overlord  
  81  5:37  Drone x3  
  81  5:39  Overlord  
  83  5:44  Spire  
  83  5:46  Drone x2  
  83  5:47  Drone  
  85  5:52  Overlord  
  85  5:55  Drone  
  85  5:56  Overlord  
  86  6:03  Drone x2  
  88  6:04  Zergling x12  
  88  6:08  Overlord  
  88  6:09  Overlord  
  94  6:14  Zergling x6  
  94  6:17  Overlord  
  97  6:23  Zergling x4  
  98  6:28  Drone  
  98  6:29  Extractor  
  98  6:32  Zergling x10  
  103  6:34  Extractor  
  102  6:58  Mutalisk x13  
  128  7:05  Zerg Flyer Weapons Level 1  
  128  7:06  Mutalisk, Overlord  
  130  7:08  Zergling x2  
  130  7:09  Zergling x14  
  138  7:16  Mutalisk x2  
  138  7:20  Overlord  
  142  7:26  Mutalisk x2  
  146  7:30  Zergling x12  
  146  7:32  Zerg Melee Weapons Level 2  
  146  7:37  Overlord  
  151  7:46  Mutalisk x3  
  155  7:56  Mutalisk x2  
  153  7:59  Zergling x22  
  153  8:04  Mutalisk x2  
  160  8:14  Mutalisk x2  
  160  8:19  Mutalisk  
  152  8:22  Drone x8  
  160  8:29  Mutalisk  
  160  8:31  Zergling x8  
  165  8:37  Mutalisk  
  165  8:39  Zergling x2  
  165  8:41  Overlord x4  
  168  8:47  Infestation Pit  
  167  8:59  Drone x2  
  167  9:00  Drone x2, Roach Warren  
  167  9:01  Zergling x26  
  183  9:06  Drone  
  183  9:08  Baneling Nest  
  170  9:34  Hive  
  154  9:43  Roach x6  
  154  9:44  Roach x4  
  156  9:56  Roach x7  
  170  10:00  Zerg Missile Weapons Level 1  
  170  10:05  Hatchery  
  170  10:06  Centrifugal Hooks  
  168  10:07  Drone  
  168  10:08  Evolution Chamber  
  168  10:11  Roach x4  
  168  10:12  Roach  
  178  10:26  Glial Reconstitution  
  178  10:28  Ravager x3  
  181  10:45  Greater Spire  
  181  10:47  Drone x2  
  181  10:49  Zergling x10  
  188  10:50  Baneling x4  
  188  10:52  Baneling x4  
  188  10:58  Zerg Melee Weapons Level 3, Adrenal Glands  
  188  11:02  Zergling x6  
  188  11:03  Zergling x2  
  187  11:18  Corruptor x6  
  185  11:23  Baneling x7  
  193  11:30  Spore Crawler  
  184  11:34  Overlord x2  
  184  11:35  Overlord  
  184  11:36  Baneling x4  
  184  11:38  Baneling x4  
  182  11:47  Zergling x10  
  182  11:53  Zergling x12  
  179  11:58  Brood Lord x6  
  179  11:59  Baneling x11  
  179  12:00  Baneling  
  191  12:05  Corruptor x2  
  193  12:15  Zergling x16  
  192  12:23  Spine Crawler x3  
  192  12:25  Spine Crawler  
  188  12:31  Zerg Flyer Weapons Level 2  
  188  12:33  Zerg Ground Armor Level 1  
  188  12:35  Extractor x2  
  188  12:37  Brood Lord x2  
  190  12:49  Spore Crawler  
  190  12:50  Spore Crawler  
  183  12:54  Hatchery  
  182  12:59  Zergling x16  
  190  13:07  Burrow  
  190  13:08  Pathogen Glands  
  190  13:15  Baneling x7  
  184  13:38  Zergling x34  
  186  13:42  Zergling x28  
  192  13:48  Baneling x10  
  192  13:52  Zergling x2  
  192  13:53  Zergling x16  
  196  14:05  Neural Parasite  
  191  14:10  Overseer, Hatchery  
  191  14:13  Drone x5  
  191  14:15  Drone x3  
  198  14:22  Baneling x6  
  197  14:25  Hydralisk Den  
  197  14:26  Corruptor  
  197  14:30  Overlord  
  198  14:35  Zerg Ground Armor Level 2  
  196  14:47  Zergling x6  
  199  14:58  Zerg Flyer Armor Level 1  
  195  15:03  Brood Lord  
  195  15:06  Hatchery  
  188  15:14  Infestor x5  
  183  15:19  Lurker Den  
  183  15:21  Zergling x12  
  184  15:22  Zergling x2  
  182  15:31  Baneling x7  
  182  15:35  Infestor  
  183  15:50  Zergling x2  
  183  15:51  Zergling x8  
  184  16:00  Baneling x3  
  183  16:08  Zergling x2  
  183  16:09  Zergling x20  
  172  16:13  Zergling x12  
  168  16:18  Drone  
  160  16:26  Hydralisk x5  
  160  16:28  Seismic Spines, Grooved Spines  
  160  16:29  Hydralisk  
  160  16:31  Baneling x5  
  160  16:32  Baneling  
  169  16:50  Spore Crawler x2  
  167  16:57  Lurker x6  
  167  16:58  Zerg Missile Weapons Level 2  
  173  17:07  Roach x3  
  169  17:25  Adaptive Talons  
  169  17:28  Infestor  
  169  17:29  Corruptor, Infestor x5  
  171  17:32  Zergling x2  
  171  17:33  Zergling x12  
  178  17:40  Muscular Augments  
  155  17:51  Corruptor x3  
  136  17:52  Infestor x2  
  136  17:54  Hydralisk x5  
  158  17:59  Drone x2  
  158  18:00  Drone  
  158  18:04  Drone x9  
  155  18:06  Corruptor x3  
  155  18:11  Drone x4  
  162  18:13  Brood Lord  
  162  18:19  Drone x3  
  167  18:26  Zergling x20  
  162  18:34  Corruptor  
  162  18:39  Drone x3  
  162  18:40  Spore Crawler  
  166  18:41  Spore Crawler, Brood Lord x3  
  166  18:43  Overseer  
  166  18:44  Overlord  
  171  18:51  Extractor  
  171  18:53  Zerg Ground Armor Level 3  
  170  18:57  Brood Lord x3  
  170  18:59  Zerg Flyer Armor Level 2  
  170  19:00  Overseer  
  176  19:07  Brood Lord  
  178  19:13  Zergling x18  
  182  19:18  Lurker x4  
  182  19:20  Zergling x14  
  180  19:34  Infestor x3  
  177  19:48  Corruptor  
  177  19:52  Zergling x8  
  183  19:53  Hatchery  
  183  19:57  Spine Crawler  
  181  20:11  Infestor x2  
  185  20:34  Zergling x10  
  177  20:40  Drone x18  
  172  20:49  Drone x2  
  171  20:50  Drone x3  
  171  20:53  Zergling x12  
  178  20:58  Queen x2  
  182  21:06  Hydralisk x5  
  182  21:10  Infestor x11  
  184  21:11  Drone x6  
  173  21:30  Hatchery  
  173  21:31  Lurker x3  
  173  21:32  Lurker x2  
  176  21:34  Spine Crawler, Extractor x2  
  176  21:35  Zergling x16  
  176  21:36  Spine Crawler x2  
  175  21:49  Drone x2  
  175  21:52  Zergling x12  
  183  22:00  Extractor  
  181  22:04  Corruptor x2  
  181  22:05  Queen x4  
  181  22:06  Roach x3  
  184  22:16  Corruptor x2  
  179  22:28  Corruptor  
  173  22:37  Infestor x10  
  173  22:41  Queen x4  
  173  22:42  Queen  
  173  22:43  Hatchery  
  182  23:00  Viper  
  182  23:03  Corruptor  
  187  23:12  Spore Crawler x2  
  186  23:15  Corruptor  
  186  23:16  Queen  
  186  23:17  Queen x2  
  186  23:18  Spore Crawler  
  192  23:20  Spore Crawler  
  191  23:34  Corruptor x2  
  195  23:53  Corruptor x2  
  198  24:04  Infestor x8  
  198  24:14  Spore Crawler x2  
  194  24:18  Corruptor x2  
  159  24:41  Zergling x8  
  159  24:42  Zergling x10  
  164  24:58  Corruptor x3  
  170  25:10  Baneling x8  
  169  25:26  Drone x18  
  165  25:42  Infestor x8  
  164  25:47  Hatchery  
  161  26:36  Queen x2  
  165  26:50  Queen  
  165  26:52  Hatchery  
  166  27:05  Queen  
  168  27:15  Infestor x6  
  168  27:16  Infestor x2  
  168  27:18  Infestor x3  
  168  27:26  Viper  
  169  27:35  Queen x3  
  167  27:51  Infestor x4  
  141  28:16  Drone x3  
  141  28:19  Queen x4  
  152  28:24  Baneling x5  
  150  28:33  Drone x12  
  146  28:35  Zergling x8  
  146  28:36  Extractor  
  146  28:37  Extractor  
  146  28:38  Infestor x4  
  144  28:49  Extractor  
  139  29:24  Viper  
  142  29:35  Hydralisk x4  
  150  29:48  Corruptor  
  150  29:49  Corruptor  
  155  30:07  Lurker x4  
  158  30:20  Overseer  
  158  30:27  Viper  
  161  30:39  Corruptor  
  161  30:40  Corruptor  
  165  31:05  Corruptor x2  
  169  31:24  Corruptor x2  
  171  31:31  Overseer  
  167  31:36  Zergling x4  
  169  31:44  Corruptor  
  171  32:08  Corruptor x2  
  158  32:32  Zergling x10  
  158  32:33  Overseer  
  163  32:39  Overseer  
  163  32:47  Corruptor  
  165  33:05  Corruptor  
  167  33:25  Zergling x6  
  170  33:57  Zergling x4  
  170  33:58  Zergling x2  
  170  34:00  Infestation Pit  
  172  34:09  Brood Lord  
  174  34:21  Extractor  
  173  34:51  Infestor x2  
  155  35:24  Infestor x5  
  149  35:35  Infestor  
  151  35:36  Zergling x16  
  151  35:37  Queen x2  
  162  35:56  Zergling x6  
  161  36:09  Infestor x3  
  117  36:46  Infestor x2  
  109  36:54  Corruptor  
  91  37:46  Corruptor  
  72  38:28  Corruptor  
  63  39:13  Drone x9  
  54  40:26  Queen x3  
  49  41:07  Queen x3  
Show
View Real Time Build Order
Export as new Build Order

ShoWTimE Protoss 

Build Orders: 1 Gate Expand, Oracle Opening, Phoenix Opening 

Get SALT Encoding   

  12  0:00  Probe  
  13  0:12  Probe  
  14  0:18  Pylon  
  14  0:24  Probe (Chrono Boost)  
  15  0:36  Probe (Chrono Boost)  
  15  0:40  Gateway  
  16  0:45  Probe (Chrono Boost)  
  16  0:46  Assimilator  
  17  0:51  Probe  
  18  1:03  Probe  
  19  1:15  Probe  
  20  1:23  Nexus  
  20  1:27  Probe  
  21  1:37  Cybernetics Core  
  21  1:41  Assimilator  
  21  1:45  Probe  
  22  1:52  Pylon  
  22  1:57  Probe  
  23  2:10  Probe (Chrono Boost)  
  23  2:13  Adept  
  26  2:16  Stargate  
  26  2:19  Probe (Chrono Boost)  
  26  2:22  Warp Gate  
  27  2:24  Probe (Chrono Boost)  
  28  2:35  Probe (Chrono Boost)  
  30  2:42  Probe (Chrono Boost)  
  30  2:43  Adept  
  33  2:45  Probe (Chrono Boost)  
  33  2:49  Probe (Chrono Boost)  
  33  2:50  Probe (Chrono Boost)  
  35  2:58  Phoenix (Chrono Boost)  
  35  3:00  Probe  
  35  3:02  Probe  
  39  3:12  Probe  
  40  3:13  Oracle (Chrono Boost)  
  40  3:14  Probe, Pylon  
  44  3:20  Gateway  
  44  3:24  Probe  
  44  3:26  Probe  
  46  3:36  Probe  
  46  3:38  Probe  
  46  3:40  Oracle (Chrono Boost)  
  48  3:43  Pylon  
  51  3:48  Probe  
  51  3:50  Probe  
  53  4:00  Nexus  
  53  4:01  Probe  
  53  4:02  Probe  
  55  4:06  Assimilator  
  55  4:09  Assimilator  
  55  4:13  Probe  
  55  4:14  Twilight Council, Probe  
  57  4:17  Forge  
  57  4:25  Probe  
  57  4:26  Probe, Pylon  
  59  4:35  Protoss Ground Weapons Level 1  
  59  4:37  Probe (Chrono Boost)  
  60  4:39  Probe (Chrono Boost)  
  60  4:43  Gateway x2  
  60  4:44  Sentry  
  60  4:45  Sentry  
  65  4:49  Probe (Chrono Boost)  
  65  4:51  Probe (Chrono Boost)  
  67  4:54  Blink (Chrono Boost)  
  67  4:57  Probe x2 (Chrono Boost), Pylon  
  69  5:04  Probe  
  69  5:07  Pylon  
  70  5:11  Probe  
  70  5:12  Probe  
  72  5:16  Probe  
  73  5:23  Probe  
  73  5:24  Probe  
  73  5:26  Assimilator  
  73  5:27  Stalker x2  
  73  5:28  Probe  
  80  5:30  Assimilator  
  80  5:35  Probe  
  80  5:36  Probe  
  80  5:40  Probe  
  83  5:44  Nexus  
  83  5:47  Probe  
  83  5:48  Probe, Pylon  
  85  5:52  Probe, Pylon  
  85  5:54  Gateway  
  86  6:00  Probe x2  
  88  6:04  Probe, Stalker x3  
  88  6:07  Stalker  
  97  6:12  Shield Battery, Probe x2  
  97  6:16  Probe  
  100  6:18  Templar Archives  
  100  6:24  Probe  
  100  6:25  Probe  
  101  6:28  Probe  
  102  6:35  Gateway, Psionic Storm  
  102  6:36  Probe  
  102  6:37  Probe  
  102  6:38  Gateway  
  102  6:39  Gateway  
  104  6:40  Photon Cannon, Probe  
  105  6:48  Probe  
  105  6:49  Probe  
  105  6:53  Probe  
  108  6:57  Assimilator  
  108  6:59  High Templar x5  
  108  7:00  Probe, Assimilator  
  108  7:01  Probe x2  
  117  7:04  Photon Cannon  
  117  7:05  Probe  
  119  7:08  Photon Cannon  
  119  7:12  Probe  
  120  7:17  Photon Cannon  
  120  7:19  Shield Battery  
  120  7:22  Protoss Ground Weapons Level 2 (Chrono Boost)  
  120  7:23  Forge  
  120  7:26  Pylon  
  120  7:28  Pylon  
  120  7:36  High Templar  
  122  7:41  Robotics Facility  
  122  7:45  Photon Cannon  
  122  7:47  Stalker x7  
  122  7:48  Phoenix (Chrono Boost)  
  124  8:04  Phoenix  
  100  8:14  Archon x2  
  100  8:15  Stalker  
  100  8:16  Stalker x7  
  100  8:17  Probe  
  111  8:24  Probe x2  
  111  8:27  Probe  
  111  8:28  Protoss Shields Level 1 (Chrono Boost)  
  111  8:29  Phoenix (Chrono Boost), Probe  
  115  8:36  Probe x2  
  115  8:39  Probe  
  115  8:40  Shield Battery  
  119  8:41  Probe  
  119  8:45  Photon Cannon  
  119  8:46  Shield Battery  
  119  8:48  Probe  
  120  8:51  Phoenix (Chrono Boost)  
  120  8:52  Probe  
  120  8:53  High Templar  
  120  8:54  High Templar  
  127  8:57  Archon  
  127  8:58  Probe  
  127  8:59  Probe  
  127  9:01  Photon Cannon  
  129  9:06  Probe  
  129  9:07  Observer  
  131  9:13  Photon Cannon, High Templar  
  131  9:14  High Templar  
  131  9:15  Zealot x4  
  143  9:21  Phoenix (Chrono Boost)  
  143  9:29  Zealot x2  
  144  9:31  Probe  
  144  9:36  Zealot x3  
  144  9:37  Zealot, Probe  
  147  9:38  Observer  
  147  9:40  Probe  
  147  9:45  Probe x2  
  140  9:50  Phoenix (Chrono Boost)  
  138  9:54  High Templar x3  
  144  10:02  Zealot x2  
  144  10:04  Probe  
  144  10:06  Photon Cannon  
  145  10:08  Shield Battery  
  145  10:11  Phoenix  
  147  10:15  Probe  
  148  10:21  Photon Cannon  
  148  10:24  Shield Battery  
  148  10:25  Pylon  
  148  10:26  Protoss Ground Weapons Level 3 (Chrono Boost)  
  148  10:27  Protoss Shields Level 2 (Chrono Boost), Pylon  
  148  10:29  Pylon  
  148  10:37  Pylon  
  148  10:43  Probe x2  
  148  10:44  Nexus, Zealot, High Templar x2  
  148  10:48  Archon  
  156  10:55  Photon Cannon  
  156  10:56  Phoenix (Chrono Boost)  
  158  11:05  Stalker x6  
  158  11:10  Probe x3  
  165  11:19  Probe  
  165  11:20  High Templar  
  165  11:21  High Templar  
  165  11:22  Probe  
  171  11:26  Archon, Probe x2  
  171  11:28  Warp Prism (Chrono Boost)  
  171  11:29  High Templar x2  
  178  11:36  Archon  
  178  11:39  Charge (Chrono Boost)  
  178  11:40  Zealot  
  180  12:03  Stalker x7  
  180  12:07  Probe x3, Gateway  
  188  12:08  Probe x2  
  189  12:19  Probe x3  
  189  12:20  Probe x2  
  182  12:25  Photon Cannon x2  
  182  12:30  Pylon  
  182  12:31  High Templar x4  
  182  12:32  Zealot x2  
  182  12:35  Archon x2  
  188  12:51  Gateway x2  
  188  12:54  Gateway  
  188  12:57  Pylon  
  182  13:08  Zealot x4, Stalker x4  
  182  13:09  Zealot  
  182  13:12  Photon Cannon  
  200  13:14  Shield Battery  
  200  13:18  Fleet Beacon  
  200  13:20  Stargate  
  200  13:22  Stargate  
  198  13:40  Zealot x6  
  180  13:47  Probe  
  173  13:56  Stalker x4  
  173  13:57  Stalker  
  171  14:05  Stalker x3  
  165  14:10  Protoss Shields Level 3 (Chrono Boost)  
  165  14:12  Probe x2  
  165  14:13  Pylon  
  165  14:14  Probe x3  
  165  14:16  Pylon  
  165  14:20  Cybernetics Core  
  165  14:24  Probe x2, High Templar x3  
  166  14:25  Nexus, Protoss Air Weapons Level 1 (Chrono Boost), Pylon  
  173  14:32  Probe x3  
  173  14:36  Probe x2  
  178  14:39  Assimilator  
  178  14:42  Assimilator  
  178  14:44  Probe x3  
  178  14:45  High Templar x7  
  189  14:49  Archon x3  
  173  14:53  Probe  
  173  14:54  Probe  
  173  14:56  Zealot x2, Probe  
  170  15:00  Zealot x3  
  158  15:07  Probe  
  149  15:17  High Templar x3  
  147  15:22  Archon  
  147  15:24  Stalker x7  
  147  15:28  Archon  
  161  15:29  Protoss Air Armor Level 1  
  161  15:33  Stalker x2  
  165  15:39  Pylon  
  165  15:43  Nexus  
  165  15:45  Pylon  
  165  15:47  Zealot x3  
  171  15:52  High Templar x2  
  171  15:53  Zealot x2, High Templar x2  
  171  15:54  Zealot  
  171  15:56  Pylon  
  183  15:58  Archon  
  183  15:59  Archon  
  173  16:12  Zealot x4, Observer  
  173  16:13  Zealot  
  169  16:30  Stalker x7  
  181  16:41  Zealot  
  181  16:42  Zealot x4  
  181  16:46  Photon Cannon  
  183  16:49  Photon Cannon  
  183  16:50  Protoss Ground Armor Level 1 (Chrono Boost)  
  183  16:51  Assimilator  
  183  16:52  Shield Battery  
  183  16:59  High Templar x2  
  183  17:00  Zealot x4  
  195  17:03  Assimilator  
  195  17:04  Archon  
  195  17:05  Zealot x2  
  195  17:08  Observer (Chrono Boost)  
  200  17:13  Protoss Air Weapons Level 2  
  184  17:27  Stalker x9  
  190  17:30  Stalker  
  190  17:33  Stalker x2  
  174  17:50  Zealot x9  
  153  18:15  Stalker x12  
  155  18:33  Pylon  
  151  18:38  Nexus, High Templar x10  
  151  18:39  High Templar  
  167  18:41  High Templar  
  167  18:42  Archon x5  
  167  18:46  Archon  
  169  18:50  Pylon  
  169  18:56  Immortal (Chrono Boost)  
  167  19:15  Zealot x8  
  167  19:16  Zealot x4  
  191  19:20  Oracle  
  194  19:29  Observer  
  189  19:35  Protoss Ground Armor Level 2  
  189  19:36  Observer  
  177  19:40  Zealot  
  177  19:41  Zealot x11  
  159  19:46  High Templar x4  
  159  19:47  Stalker x8  
  159  19:49  Probe x2  
  175  19:56  Observer  
  175  20:10  Photon Cannon  
  175  20:11  Zealot x8  
  190  20:16  Observer  
  191  20:26  Zealot x4  
  188  20:38  Zealot  
  188  20:39  Zealot x7  
  194  20:49  Zealot x2  
  190  20:50  Carrier (Chrono Boost), Zealot x2  
  198  21:02  Protoss Air Armor Level 2 (Chrono Boost)  
  192  21:11  Carrier (Chrono Boost)  
  192  21:12  Carrier (Chrono Boost)  
  192  21:17  Protoss Air Weapons Level 3 (Chrono Boost)  
  198  21:23  Zealot x9  
  188  21:38  Stargate  
  188  21:41  Zealot x3  
  188  21:46  Carrier (Chrono Boost)  
  196  21:47  Zealot x3  
  190  21:58  Stargate  
  190  22:01  Carrier (Chrono Boost)  
  200  22:04  Carrier (Chrono Boost)  
  200  22:05  Zealot x2  
  190  22:12  Zealot x5  
  198  22:16  Zealot  
  188  22:25  Zealot x5  
  173  22:34  Carrier (Chrono Boost)  
  177  22:43  Immortal (Chrono Boost)  
  183  22:48  Carrier (Chrono Boost)  
  183  22:50  Carrier (Chrono Boost)  
  193  23:03  High Templar  
  195  23:06  Nexus  
  195  23:09  Pylon  
  195  23:11  Warp Prism (Chrono Boost)  
  197  23:20  Assimilator  
  197  23:23  Assimilator  
  197  23:26  Photon Cannon  
  197  23:28  Photon Cannon  
  197  23:30  Shield Battery  
  197  23:31  Shield Battery  
  197  23:34  Pylon  
  197  23:40  Observer  
  199  24:07  Zealot x3  
  175  24:31  Tempest x3 (Chrono Boost)  
  185  24:45  Tempest (Chrono Boost)  
  167  24:47  Assimilator  
  167  24:50  High Templar x2  
  173  25:06  Tempest  
  173  25:07  Zealot x10  
  198  25:22  Observer  
  197  25:32  Tempest  
  194  25:38  Tempest x2  
  198  25:50  Nexus  
  196  26:00  High Templar x2  
  200  26:29  Oracle  
  200  26:33  Observer  
  200  26:41  Pylon  
  200  26:52  Nexus  
  200  26:54  Pylon  
  200  27:05  Nexus  
  200  27:09  Shield Battery  
  200  27:10  Shield Battery  
  200  27:19  Shield Battery  
  200  27:21  Shield Battery  
  200  27:23  Pylon  
  194  27:56  Unknown  
  172  28:21  Nexus  
  172  28:22  Observer  
  172  28:37  Zealot x9  
  172  28:41  Observer  
  191  28:47  Mothership (Chrono Boost)  
  183  28:58  High Templar  
  183  28:59  Pylon  
  185  29:26  Assimilator  
  185  29:29  High Templar  
  185  29:30  High Templar  
  189  29:32  Photon Cannon  
  189  29:34  Photon Cannon  
  185  29:51  Flux Vanes  
  191  30:02  Void Ray (Chrono Boost)  
  191  30:03  Void Ray x3 (Chrono Boost)  
  199  30:13  Pylon  
  199  30:25  Protoss Air Armor Level 3  
  199  30:26  Zealot  
  199  30:28  High Templar x3  
  191  30:33  Shield Battery  
  191  30:34  Shield Battery  
  185  30:37  Shield Battery  
  185  30:40  Shield Battery, Zealot x7  
  192  30:51  Observer  
  188  31:12  Shield Battery  
  182  31:37  Observer  
  182  31:39  Pylon  
  182  31:43  Assimilator  
  159  32:27  Observer  
  159  32:28  High Templar x2  
  159  32:29  High Templar x3  
  157  32:32  Archon x2  
  155  33:09  High Templar x2  
  159  33:13  Archon  
  159  33:16  Zealot x4  
  167  33:22  Observer  
  145  33:40  Oracle  
  142  33:45  Observer  
  142  33:46  Observer  
  140  34:02  Observer  
  140  34:17  Nexus  
  140  34:19  Assimilator  
  138  34:59  Zealot x7  
Tags
 
Add a new tag
Caveats
  • Supply blocks, unpowered buildings, or Contaminate may cause inaccurate times.
  • Supply counts are checked every 10 seconds.